 Dungeon Crawl Stone Soup version 0.25-a0-310-g60f0ac2d9a (webtiles) character file.

Game seed: 18285685004665072514, levelgen mode: deterministic

12482 Gargoyl the Protected (level 11, 0/89 HPs)
             Began as a Centaur Abyssal Knight on Dec 21, 2019.
             Was an Elder of Lugonu.
             Succumbed to Sonja's poison
             ... on level 11 of the Dungeon on Dec 23, 2019.
             The game lasted 00:19:04 (17332 turns).

Gargoyl the Protected (Centaur Abyssal Knight)     Turns: 17332, Time: 00:19:04

Health: 0/89       AC: 18    Str: 18    XL:     11   Next: 63%
Magic:  15/17      EV:  4    Int: 11    God:    Lugonu [****..]
Gold:   469        SH:  9    Dex:  9    Spells: 10/10 levels left

rFire    + . .     SeeInvis +   a - +3 hand axe (elec)
rCold    . . .     Gourm    .   e - +0 shield
rNeg     . . .     Faith    .   b - +0 plate armour
rPois    .         Spirit   .   s - +2 helmet
rElec    .         Reflect  .   h - +0 cloak
rCorr    .         Harm     .   d - +0 pair of gloves
MR       +....                  (no barding)
Stlth    ..........             (no amulet)
HPRegen  0.24/turn              p - ring of see invisible
MPRegen  0.15/turn              n - ring of protection from fire

@: lethally poisoned (0 -> -9), very quick
A: large, hooves 3, deformed body, speed 2, magic resistance 1, tough skin 3,
evolution 1
a: Depart the Abyss, Bend Space, Banish, Corrupt, Renounce Religion


You were on level 11 of the Dungeon.
You worshipped Lugonu.
Lugonu was greatly pleased with you.
You were very hungry.

You visited 1 branch of the dungeon, and saw 11 of its levels.
You visited the Abyss 1 time.
You also visited: Bailey.

You collected 469 gold pieces.

Inventory:

Hand Weapons
 a - a +3 hand axe of electrocution (weapon)
 y - a +4 scimitar of flaming
 D - a +4 war axe
 E - a cursed +4 war axe
Missiles
 r - 8 boomerangs (quivered)
Armour
 b - a +0 plate armour (worn)
 d - a +0 pair of gloves (worn)
 e - a +0 shield (worn)
 h - a +0 cloak (worn)
 s - a +2 helmet (worn)
Jewellery
 n - a ring of protection from fire (right hand)
 p - a ring of see invisible (left hand)
Wands
 i - a wand of flame (27)
 m - a wand of digging (2)
 w - a wand of iceblast (3)
 A - a wand of paralysis (8)
Scrolls
 f - 2 scrolls of teleportation
 g - 3 scrolls of identify
 k - a scroll of remove curse
 C - a scroll of silence
Potions
 j - 2 potions of brilliance
 l - 2 potions of magic
 q - 3 potions of agility
 u - a potion of haste
 x - 2 potions of cancellation
Comestibles
 c - 26 rations


   Skills:
 + Level 6.2 Fighting
 + Level 7.8 Axes
 * Level 8.5 Armour
 * Level 5.4 Dodging
 + Level 4.1 Shields
 * Level 8.4 Invocations


You had 10 spell levels left.
You didn't know any spells.
Your spell library contained the following spells:

 Spells                   Type           Power        Failure   Level  Hunger
 Animate Skeleton         Necr           N/A          100%        1    ##.....
 Apportation              Tloc           #.....       100%        1    ##.....
 Confusing Touch          Hex            #.....       100%        1    ##.....
 Foxfire                  Conj/Fire      #...         100%        1    ##.....
 Summon Small Mammal      Summ           #...         100%        1    ##.....
 Conjure Flame            Conj/Fire      #.......     100%        3    ####...
 Inner Flame              Hex/Fire       #.......     100%        3    ####...
 Sticky Flame             Conj/Fire      #.......     100%        4    #####..
 Fireball                 Conj/Fire      #.........   100%        5    ######.


Dungeon Overview and Level Annotations

Branches:
Dungeon (11/15)            Temple (0/1) D:5            Lair (0/6) D:11
    Orc (0/2) D:11         Bailey (visited)

Altars:
Ashenzari
Dithmenos
Fedhas
Hepliaklqana
Kikubaaqudgha
Makhleb
Qazlal
Sif Muna
Uskayaw

Annotations:
D:11 corrupted
Abyss:1 Maurice


Innate Abilities, Weirdness & Mutations

You have hooves in place of feet.
Armour fits poorly on your strangely shaped body.
You cover ground very quickly.
You have extremely tough skin. (AC +3)
You are resistant to hostile enchantments. (MR+)
You evolve.


Message History

The wraith hits the plant but does no damage.
Unknown command.
* * * LOW HITPOINT WARNING * * *
You feel sick.
The wraith hits the fungus.
The wraith drains the fungus's vigour!
The large abomination hits the plant but does no damage.
Unknown command.
* * * LOW HITPOINT WARNING * * *
You feel sick.
Something hits the plant.
Unknown command.
You feel less wooden.
Your +0 cloak unmelds from your body.
Your +2 helmet unmelds from your body.
Your +0 pair of gloves unmelds from your body.
Your +0 plate armour unmelds from your body.
* * * LOW HITPOINT WARNING * * *
You feel sick.
The wraith hits the plant but does no damage.
* * * LOW HITPOINT WARNING * * *
You feel sick.
The wraith hits the plant!
The wraith drains the plant's vigour!
You die...

####..#...............##.#.....#
###...#.........#....###.#.....#
....#..###...####.X..###.#.....#
.....#.##..####......#...#.....#
.....#......##.>...............#
...........#.#....#...####.....#
.........#....##..###.# #.....#
.....P.....##......#..## #.....#
........P.P5....@##.(..# #.....#
...P......P.....X#...## #######
#.P..P..P..P...)..(#.###
#.P.PPP..P......(......#
.P.PPP.PP#P....#....#...#
.PPPP...P#WP.X##..#.......
...P.PPP.P..PX....X#......
.P..P.ZP..PP.z............
....P...PPP.P.......##....


You could see a neutral tentacled starspawn (wandering), 2 neutral thrashing
horrors, 2 neutral large abominations, a neutral wraith (wandering), a neutral
flying skull (wandering) and a neutral quasit (wandering).

Vanquished Creatures
  Josephine (D:11)
  Erica (D:10)
  A two-headed ogre (D:9)
  Pikel (D:4)
  2 trolls (D:10)
  A hornet (D:11)
  A hippogriff (D:9)
  Sigmund (D:4)
  3 wraiths (D:11)
  9 yaks
  A steam dragon (D:8)
  A soldier ant (D:10)
  3 porcupines
  A water moccasin (D:11)
  2 ice beasts
  3 orc warriors
  2 sky beasts
  2 necrophages
  3 black bears
  4 ogres
  A phantom (D:7)
  2 crocodiles
  3 centaurs
  Blork the orc (D:4)
  3 big kobolds
  8 bullfrogs
  A water moccasin zombie (D:11)
  6 scorpions
  3 killer bees (D:8)
  4 wights
  A howler monkey (D:8)
  4 crimson imps
  A centaur zombie (D:7)
  4 hounds
  2 jellies (D:9)
  A centaur skeleton (D:11)
  8 orc priests
  15 orc wizards
  Natasha (twice) (D:2)
  3 iguanas
  11 worker ants
  A hound zombie (D:10)
  2 worker ant zombies
  3 gnolls (D:4)
  22 adders
  3 shadow imps
  3 oozes
  An adder skeleton (D:4)
  An adder zombie (D:9)
  2 worms
  3 dart slugs
  7 leopard geckos
  41 orcs
  8 bats
  8 giant cockroaches
  8 goblins
  7 hobgoblins
  4 jackals (D:11)
  2 quokkas
  6 ball pythons (D:11)
  6 frilled lizards
  A jackal skeleton (D:4)
  16 kobolds
  A leopard gecko skeleton (D:4)
  3 quokka skeletons
  2 quokka zombies (D:5)
  7 rats
  3 fungi (D:11)
  2 plants (D:11)
300 creatures vanquished.

Vanquished Creatures (others)
  A two-headed ogre (D:8)
  Sonja (D:11)
  An ugly thing (D:11)
  2 hornets
  A wraith (D:11)
  Edmund (D:4)
  An acid dragon (D:11)
  2 slaves (D:4)
  An oklob sapling (D:11)
  A crimson imp (D:8)
  23 fungi (D:11)
  11 plants
  A withered plant (D:8)
47 creatures vanquished.

Grand Total: 347 creatures vanquished

Notes
Turn   | Place    | Note
-------+----------+-------------------------------------------
     0 | Abyss:1  | Gargoyl the Centaur Abyssal Knight began the quest for the
                  | Orb.
     0 | Abyss:1  | Reached XP level 1. HP: 19/19 MP: 2/2
   104 | Abyss:1  | Noticed a flying skull
   113 | D:1      | Escaped the Abyss
   128 | D:1      | Reached * piety under Lugonu
   415 | D:1      | Reached XP level 2. HP: 24/26 MP: 1/3
   673 | D:1      | Reached skill level 1 in Dodging
   685 | D:1      | Reached XP level 3. HP: 28/31 MP: 2/4
   972 | D:2      | Noticed Natasha
   983 | D:2      | Killed Natasha
  1022 | D:2      | Noticed Natasha
  1036 | D:2      | Killed Natasha
  1036 | D:2      | Reached XP level 4. HP: 16/38 MP: 2/5
  1864 | D:2      | Found a hide-covered altar of Uskayaw.
  1876 | D:2      | Found a shadowy altar of Dithmenos.
  1965 | D:2      | Reached ** piety under Lugonu
  2505 | D:3      | Found a stormy altar of Qazlal.
  2546 | D:3      | Reached XP level 5. HP: 44/45 MP: 7/7
  3454 | D:3      | Found a hazy altar of Hepliaklqana.
  3870 | D:4      | Reached XP level 6. HP: 46/52 MP: 6/8
  4301 | D:4      | Noticed Blork the orc
  4310 | D:4      | Killed Blork the orc
  4748 | D:4      | Noticed Sigmund
  4773 | D:4      | Killed Sigmund
  4773 | D:4      | Reached skill level 1 in Shields
  4773 | D:4      | Reached XP level 7. HP: 24/59 MP: 3/9
  5802 | D:4      | Noticed Pikel
  5836 | D:4      | Killed Pikel
  5836 | D:4      | Reached XP level 8. HP: 18/67 MP: 7/11
  6075 | D:4      | Noticed Edmund
  6112 | D:4      | Killed Edmund
  6479 | D:4      | Found a shattered altar of Ashenzari.
  6638 | D:5      | Entered Level 5 of the Dungeon
  6757 | D:5      | Reached *** piety under Lugonu
  6995 | D:5      | Reached skill level 5 in Armour
  7102 | D:5      | Found a staircase to the Ecumenical Temple.
  7567 | D:5      | Reached skill level 5 in Invocations
  7673 | D:5      | Reached skill level 5 in Axes
  7904 | D:6      | Reached XP level 9. HP: 39/73 MP: 6/12
  8920 | D:7      | Reached skill level 5 in Fighting
  8958 | D:7      | Upgraded the game from 0.25-a0-306-g3faca94807 to
                  | 0.25-a0-310-g60f0ac2d9a
  8998 | D:7      | Reached **** piety under Lugonu
  9432 | D:7      | Found a burning altar of Makhleb.
  9434 | D:7      | Noticed a green death
 10333 | D:8      | Found an ancient bone altar of Kikubaaqudgha.
 10333 | D:8      | Found a blossoming altar of Fedhas.
 10647 | D:8      | Noticed a two-headed ogre
 10648 | D:8      | Banished a two-headed ogre
 10648 | D:8      | Reached XP level 10. HP: 77/80 MP: 14/14
 10855 | D:8      | Noticed Maurice
 11068 | D:8      | Found a shimmering blue altar of Sif Muna.
 11589 | D:8      | Banished Maurice
 12001 | D:9      | Noticed a two-headed ogre
 12011 | D:9      | Killed a two-headed ogre
 12280 | D:9      | Found a flagged portal.
 12289 | Bailey   | Entered a bailey
 13068 | D:10     | Entered Level 10 of the Dungeon
 13682 | D:10     | Reached XP level 11. HP: 50/88 MP: 16/16
 14300 | D:11     | Found a staircase to the Orcish Mines.
 14594 | D:11     | Found a staircase to the Lair.
 14608 | D:10     | Reached ***** piety under Lugonu
 14755 | D:11     | Noticed Erica
 14772 | D:11     | Reached skill level 5 in Dodging
 15235 | D:10     | Killed Erica
 15638 | D:11     | Paralysed by a hornet for 2 turns
 15640 | D:11     | Noticed a cyan ugly thing
 15835 | D:11     | Banished a cyan ugly thing
 16097 | D:11     | Noticed an oklob plant
 16128 | D:11     | Banished an oklob plant
 16331 | D:11     | Noticed Josephine
 16377 | D:11     | Killed Josephine
 16770 | D:11     | Paralysed by a hornet for 1 turns
 16773 | D:11     | Paralysed by a hornet for 3 turns
 17296 | D:11     | Noticed Sonja
 17307 | D:11     | Gained mutation: You evolve. [potion of mutation]
 17307 | D:11     | Gained mutation: You are resistant to hostile enchantments.
                  | (MR+) [potion of mutation]
 17308 | D:11     | Corrupted D:11
 17308 | D:11     | Noticed a thrashing horror
 17308 | D:11     | Noticed a tentacled starspawn
 17311 | D:11     | Killed Sonja
 17324 | D:11     | Noticed a thrashing horror
 17327 | D:11     | HP: 6/133 [poisoned by Sonja]
 17330 | D:11     | HP: 1/89 [poisoned by Sonja]
 17332 | D:11     | Succumbed to Sonja's poison

Levels and vault maps discovered:
D:1:      scummos_arrival_forest, layout_basic
D:2:      layout_loops_corners, lemuel_doored_altar,
          nicolae_dithmenos_through_a_glass_darkly, uniq_natasha
D:3:      layout_basic, lemuel_round_altar, overflow_temple_1_default,
          grunt_decor_arrowhead
D:4:      layout_loops_corners, kennysheep_little_box, serial_rivers,
          chequers_serial_rivers_large_a, chequers_serial_rivers_small_b,
          chequers_serial_rivers_micro_e, chequers_serial_rivers_micro_d,
          chequers_serial_rivers_micro_d, first_ration, uniq_pikel,
          uniq_blork_the_orc, uniq_sigmund, uniq_edmund
D:5:      layout_basic, minmay_temple_entry_wispy, kennysheep_generic_room_14
D:6:      layout_basic
D:7:      layout_basic, makhleb_altar_promises_db
D:8:      layout_loops_corners, grunt_temple_overflow_growth_and_decay,
          led_sif_book, serial_glass, glass_columns_a, glass_columns_c,
          blue_anna_alchemist [blue_anna_fruit_fields, blue_anna_fruit_fields],
          uniq_maurice
D:9:      layout_basic, enter_bailey_2
D:10:     layout_irregular_city
D:11:     layout_rooms, due_lair_maze_entry_diamond, introduction_to_nature_2,
          uniq_erica, uniq_josephine, uniq_sonja

Skill      XL: |  1  2  3  4  5  6  7  8  9 10 11 |
---------------+----------------------------------+-----
Axes           | 2 3 4 5 6 7 |  7.8
Dodging        | 1 2 3 4 5 |  5.4
Armour         | 2 3 4 5 6 7 8 |  8.5
Invocations    | 3 4 5 6 7 8 |  8.4
Fighting       | 4 5 6 |  6.2
Shields        | 1 2 3 4 |  4.1

Action                   |  1- 3 |  4- 6 |  7- 9 | 10-12 || total
-------------------------+-------+-------+-------+-------++-------
Melee: Hand axe          |    73 |   234 |   685 |   490 ||  1482
       Kick              |    12 |    40 |   167 |   117 ||   336
Invok: Depart the Abyss  |     1 |       |       |       ||     1
       Banish            |       |       |     1 |     8 ||     9
       Corrupt           |       |       |       |     1 ||     1
  Use: Scroll            |     1 |     5 |     7 |    15 ||    28
       Potion            |       |     1 |     2 |     9 ||    12
  Eat: Chunk             |       |    10 |    15 |    15 ||    40
       Ration            |       |       |     1 |     2 ||     3
Armor: Leather armour    |    22 |       |       |       ||    22
       Chain mail        |     5 |       |       |       ||     5
       Plate armour      |    22 |   204 |   391 |   294 ||   911
       Skin              |       |       |       |    28 ||    28
Dodge: Dodged            |    21 |     3 |    46 |    59 ||   129
Block: Shield            |    12 |    75 |   236 |   220 ||   543

Table legend:
 A = Non-vault XP
 B = Vault XP
 C = Vault XP percentage of total XP
 D = Non-vault monster count
 E = Vault monster count
 F = Vault count percentage of total count
                 A         B        C        D         E       F
            +---------+---------+-------+---------+---------+-------
      Total |   11873 |    5959 |  33.4 |     264 |      40 |  13.2
            +---------+---------+-------+---------+---------+-------
        D:1 |      48 |       0 |   0.0 |      26 |       0 |   0.0
        D:2 |      94 |      35 |  27.1 |      16 |       1 |   5.9
        D:3 |      91 |       0 |   0.0 |      21 |       0 |   0.0
        D:4 |     525 |    1041 |  66.5 |      29 |       4 |  12.1
        D:5 |     951 |       0 |   0.0 |      24 |       0 |   0.0
        D:6 |     831 |       0 |   0.0 |      19 |       0 |   0.0
        D:7 |     798 |       0 |   0.0 |      15 |       0 |   0.0
        D:8 |    1936 |     487 |  20.1 |      38 |       3 |   7.3
        D:9 |    2893 |       0 |   0.0 |      27 |       0 |   0.0
       D:10 |    1921 |    1258 |  39.6 |      17 |       4 |  19.0
       D:11 |    1785 |    3138 |  63.7 |      32 |      28 |  46.7
            +---------+---------+-------+---------+---------+-------
